 Dungeon Crawl Stone Soup version 0.20.0-15-g7f486f2 (webtiles) character file.

78 Reinor the Ducker (level 4, -7/21 HPs)
             Began as a Spriggan Earth Elementalist on June 10, 2017.
             Killed from afar by a white imp (9 damage)
             ... with a puff of frost
             ... summoned by Natasha
             ... on level 2 of the Dungeon.
             The game lasted 00:05:38 (2278 turns).

Reinor the Ducker (Spriggan Earth Elementalist)     Turns: 2278, Time: 00:05:39

Health: -7/21      AC:  2    Str:  4    XL:     4   Next: 15%
Magic:  5/10       EV: 20    Int: 19    God:
Gold:   77         SH:  0    Dex: 16    Spells: 0/10 levels left

rFire    . . .     SeeInvis +   i - +0 short sword
rCold    . . .     Gourm    .   (shield restricted)
rNeg     . . .     Faith    .   c - +0 robe
rPois    .         Spirit   .   (helmet restricted)
rElec    .         Reflect  .   (no cloak)
rCorr    .         Harm     .   (gloves unavailable)
MR       +....                  (boots unavailable)
Stlth    ++........             (no amulet)
Regen    0.1/turn               o - ring of protection from magic
MPRegen  0.2/turn               a - +2 ring of intelligence

@: very quick
A: unfitting armour, see invisible, herbivore 3, speed 3, slow metabolism 2
a: no special abilities


You were on level 2 of the Dungeon.
You were not hungry.

You visited 1 branch of the dungeon, and saw 2 of its levels.

You collected 77 gold pieces.

Inventory:

Hand Weapons
 i - a +0 short sword (weapon)
Missiles
 b - 17 stones (quivered)
Armour
 c - a +0 robe (worn)
Jewellery
 a - a +2 ring of intelligence (right hand)
 o - a ring of protection from magic (left hand)
Scrolls
 f - 2 scrolls of fog
 k - 2 scrolls of magic mapping
Potions
 g - 2 potions of cancellation {unknown}
 h - a potion of heal wounds {unknown}
 l - a potion of curing {unknown}
 m - a potion of magic {unknown}
 n - a potion of mutation {unknown}
Books
 e - a book of Geomancy

   Spells                             Type                      Level
   a - Sandblast                      Earth                        1
   b - Passwall                       Transmutation/Earth          2
   c - Stone Arrow                    Conjuration/Earth            3
   d - Petrify                        Transmutation/Earth          4
   e - Lee's Rapid Deconstruction     Earth                        5
Comestibles
 d - 2 bread rations
 j - 2 royal jellies


   Skills:
 + Level 4.5 Dodging
 - Level 3.1 Stealth
 + Level 3.8 Spellcasting
 - Level 1.3 Transmutations
 + Level 3.3 Earth Magic


You couldn't memorise any spells.
You knew the following spells:

 Your Spells              Type           Power        Failure   Level  Hunger
a - Sandblast             Erth           ###...       3%          1    None
b - Passwall              Tmut/Erth      ##........   9%          2    ##.....
c - Stone Arrow           Conj/Erth      #.....       22%         3    ###....
d - Petrify               Tmut/Erth      ##......     47%         4    ####...


Dungeon Overview and Level Annotations

Branches:
Dungeon (2/15)

Altars:

Annotations:
D:2 Natasha


Innate Abilities, Weirdness & Mutations

You are very small and have problems with some larger weapons.
You are too small for most types of armour.
You have supernaturally acute eyesight. (SInv)
You are a herbivore.
You cover ground extremely quickly.
You need consume almost no food.


Message History

Confirm with . or Enter, or press ? or * to list all spells.
Aiming: Sandblast
Press: ? - help, Shift-Dir - straight line, f/p - Natasha
Aim: Natasha The blast of sand hits Natasha.
b - 18 stones Natasha misses you.
The white imp completely misses you.
Casting: Sandblast
Confirm with . or Enter, or press ? or * to list all spells.
Aiming: Sandblast
Press: ? - help, Shift-Dir - straight line, f/p - Natasha
Aim: Natasha The blast of sand hits Natasha.
Natasha is heavily wounded.
b - 17 stones Natasha claws you!
* * * LOW HITPOINT WARNING * * *
The white imp gestures at you. The puff of frost hits you!
You die...

*, ######### ****, #.......#
**,,,, #.......# ***,,**,
#.......#****,,,****
#.......#,.,,,*** *
#.......#.#**** *
###..h5.....#* *
*#....@.......**** *
#..#.......##.,,,*
###*,*##..#####****,*
*#....###.## *.**
**,,**#....# *..###*
*,,**#..############**,...##
**,**#..** #........#
****... *,,,...** #........#
**#รท *,,###** #........# #.


You could see Natasha and a white imp.

Vanquished Creatures
  Natasha (D:2)
  A worm (D:2)
  A dart slug (D:1)
  2 leopard geckos
  2 ball pythons (D:2)
  3 giant cockroaches
  5 hobgoblins
  3 jackals (D:1)
  7 kobolds
  3 bats
  5 frilled lizards
  6 goblins (D:1)
  4 rats
43 creatures vanquished.

Notes
Turn   | Place    | Note
-------+----------+-------------------------------------------
     0 | D:1      | Reinor the Spriggan Earth Elementalist began the quest for the Orb.
     0 | D:1      | Reached XP level 1. HP: 9/9 MP: 5/5
   682 | D:1      | Reached XP level 2. HP: 12/13 MP: 5/7
   696 | D:1      | Learned a level 2 spell: Passwall
  1292 | D:1      | Reached XP level 3. HP: 14/16 MP: 5/8
  1655 | D:2      | Noticed Natasha
  1660 | D:2      | Reached skill level 4 in Dodging
  1662 | D:2      | Killed Natasha
  2099 | D:2      | Reached XP level 4. HP: 21/21 MP: 8/10
  2108 | D:2      | Learned a level 3 spell: Stone Arrow
  2113 | D:2      | Learned a level 4 spell: Petrify
  2271 | D:2      | Noticed Natasha
  2278 | D:2      | Killed from afar by a white imp

Skill      XL: |  1  2  3 |
---------------+----------+-----
Spellcasting   | 3 |  3.8
Earth Magic    | 3 |  3.3
Dodging        | 4 |  4.5
Stealth        | |  3.1
Transmutations | |  1.3

Action                   |  1- 3 |  4- 6 || total
-------------------------+-------+-------++-------
Melee: Unarmed           |   108 |       ||   108
       Short sword       |    17 |    17 ||    34
 Cast: Sandblast         |    39 |     9 ||    48
       Passwall          |     3 |     1 ||     4
  Use: Scroll            |     5 |       ||     5
 Stab: Sleeping          |     5 |     1 ||     6
       Distracted        |     1 |       ||     1
Armor: Robe              |    10 |     1 ||    11
Dodge: Dodged            |   136 |    21 ||   157
